[Event "*** Titled Tuesday Blitz"]
[Site "Chess.com"]
[Date "2020.05.12"]
[Round "3"]
[White "etesungam"]
[Black "PauloCesarCosta_sad"]
[Result "1-0"]
[WhiteElo "2419"]
[BlackElo "2191"]
[TimeControl "180+1"]
[EndTime "10:28:41 PDT"]
[Termination "etesungam won by resignation"]

1. d4 d5 2. c4 c6 3. Nc3 e6 4. e4 dxe4 5. Nxe4 Nd7 6. Nf3 Ngf6 7. Ng3 Qa5+ 8. Bd2 Bb4 9. Bd3 Bxd2+ 10. Qxd2 Qxd2+ 11.
Kxd2 b6 12. b4 Bb7 13. c5 a5 14. a3 Nd5 15. Bc4 axb4 16. Bxd5 cxd5 17. axb4 bxc5 18. Rxa8+ Bxa8 19. Ra1 O-O 20. dxc5 Bc6 21. Nd4 Ra8 22. Rxa8+ Bxa8 23. c6 Nb6 24. b5 Kf8 25. Kc3 Ke7 26. Kb4 Kd6 27. Nb3 Bxc6 28. bxc6 Kxc6 29. Kc3 Kd6 30. Kd3 Nc4 31. Nd2 Ne5+ 32. Ke2 Ng4 33. h3 Nf6 34. Ngf1 e5 35. Ne3 g6 36. Nf3 h6 37. Ng4 Nxg4 38. hxg4 f5 39. gxf5 gxf5 40. Nh4 Ke6 41. Ng6 Kf6 42. Nf8 d4 43. Kd3 h5 44. Kc4 Kf7 45. Nd7 Ke6 46. Nc5+ Kf6 47. Kd5 h4 48. Nd7+ Kg5 49. Nxe5 f4 50. Kxd4 Kf5 51.
Nf3 Kg4 52. Ke4 h3 53. gxh3+ Kxh3 54. Kxf4 Kg2 55. Ke3 Kh3 56. Nd4 Kg4 57. Ke4 Kg5 58. f4+ Kf6 59. f5 Kf7 60. Ke5 Ke7 61. f6+ Kf7 62. Ne6 Ke8 63. Kf5 Kf7 64. Ng5+ Kf8 65. Kg6 Kg8 66. f7+ Kf8 67. Nh7+ 1-0

[Event "*** Titled Tuesday Blitz"]
[Site "Chess.com"]
[Date "2020.05.12"]
[Round "3"]
[White "anon102030"]
[Black "GianmarcoVaR"]
[Result "0-1"]
[WhiteElo "2735"]
[BlackElo "2564"]
[TimeControl "180+1"]
[EndTime "10:28:42 PDT"]
[Termination "GianmarcoVaR won by checkmate"]

1. e4 c6 2. d3 d5 3. Nd2 e5 4. g3 Nf6 5. Bg2 Bd6 6. Ngf3 O-O 7. O-O Re8 8. b3 Bg4 9. h3 Bh5 10. Bb2 Nbd7 11. g4 Bg6 12. Qe2 Qc7 13. Nh4 dxe4 14.
dxe4 Nc5 15. Nf5 Bf8 16. a4 Ne6 17. Nc4 Nd7 18. Rfd1 f6 19. Bf1 Red8 20. Ncd6 Ndc5 21. Nc4 Nf4 22. Qf3 Nce6 23. h4 Bf7 24. Ng3 Ng6 25. Nf5 Ngf4 26. Rxd8 Rxd8 27. Rd1 Bc5 28. Bc1 a6 29.
Be3 b5 30. axb5 axb5 31. Bxc5 Nxc5 32. Ncd6 Be6 33. Qe3 Bxf5 34. Qxc5 Bxg4 35. Nxb5 cxb5 36. Qxc7 Rxd1 37. Qb8+ Kf7 38. Qxb5 Be2 39. Qb7+ Kg6 40. c4 Rxf1+ 41. Kh2 Rxf2+ 42. Kh1 Bf3+ 43. Kg1 Nh3# 0-1

[Event "*** Titled Tuesday Blitz"]
[Site "Chess.com"]
[Date "2020.05.12"]
[Round "3"]
[White "Richarzard69"]
[Black "LizaSolovyova"]
[Result "0-1"]
[WhiteElo "2269"]
[BlackElo "2584"]
[TimeControl "180+1"]
[EndTime "10:28:42 PDT"]
[Termination "LizaSolovyova won by resignation"]

1. Nf3 f5 2. c4 Nf6 3. Nc3 e6 4. g3 Be7 5. Bg2 O-O 6. O-O d6 7. b4 a5 8. b5 Qe8 9. a4 e5 10. d3 Qh5 11. e3 Nbd7 12. Ba3 g5 13. Nd2 g4 14. c5 dxc5 15. Nc4 Bd6 16. Nd5 Kh8 17.
b6 Nxd5 18. bxc7 Bxc7 19. Bxd5 Ra6 20. h4 f4 21. exf4 exf4 22. Bb2+ Raf6 23. Qe2 Qxd5 24. Qe4 Qxe4 25. dxe4 Kg8 26. Bxf6 Nxf6 27. Rad1 Nxe4 28. Rfe1 Bf5 29. gxf4 Bxf4 30. Ne3 g3 31. fxg3 Bxg3 32. Nxf5 Bf2+ 33. Kg2 Bxe1 34. Ne7+ Kf7 35. Rxe1 Kxe7 36.
Rxe4+ Kd6 37. Rg4 Rf7 38. Kg3 Kc6 39. h5 b5 40. axb5+ Kxb5 41. h6 Rf6 42. Rh4 a4 43.
Kg4 a3 44. Kg5 Ra6 45. Rh1 a2 46. Ra1 Kb4 47. Kf5 Kb3 48. Rxa2 Kxa2 0-1

[Event "*** Titled Tuesday Blitz"]
[Site "Chess.com"]
[Date "2020.05.12"]
[Round "3"]
[White "RaunakSadhwani2005"]
[Black "ClassyEl"]
[Result "1-0"]
[WhiteElo "2831"]
[BlackElo "2527"]
[TimeControl "180+1"]
[EndTime "10:28:43 PDT"]
[Termination "RaunakSadhwani2005 won on time"]

1. e4 d6 2. d4 Nf6 3. Nc3 c6 4. Nf3 Bg4 5. Be2 e6 6. O-O d5 7.
h3 Bh5 8. Ne5 Bxe2 9. Qxe2 Nbd7 10. Bg5 Be7 11. Nxd7 Qxd7 12. e5 Ng8 13. Be3 Bb4 14.
Nd1 Ne7 15. c3 Ba5 16. f4 g6 17. Nf2 h5 18. g3 Nf5 19. Qf3 Bb6 20. Nd3 Qe7 21.
Bf2 g5 22. fxg5 Qxg5 23. Kh2 Bc7 24. Qf4 Qg7 25. Rg1 O-O-O 26. Rae1 Rdg8 27. a4 Qh7 28. Qf3 Rg7 29. Nf4 Rg5 30. b4 Rhg8 31. b5 cxb5 32. axb5 Kb8 33. Ra1 Ne7 34. Nd3 Rf5 35. Qe2 f6 36.
Nc5 fxe5 37. dxe5 Ng6 38. Rxa7 Rgf8 39. Nd7+ Qxd7 40. Bd4 Nxe5 41. Rga1 Nf3+ 42. Qxf3 Bxg3+ 43. Qxg3+ 1-0

[Event "*** Titled Tuesday Blitz"]
[Site "Chess.com"]
[Date "2020.05.12"]
[Round "3"]
[White "woodhy"]
[Black "AttilaTurzo"]
[Result "1-0"]
[WhiteElo "2470"]
[BlackElo "2476"]
[TimeControl "180+1"]
[EndTime "10:28:43 PDT"]
[Termination "woodhy won by resignation"]

1. e4 c5 2. Nf3 Nc6 3. d4 cxd4 4. Nxd4 Nf6 5. Nc3 d6 6. Bg5 e6 7. Qd2 a6 8. Nxc6 bxc6 9. Bc4 Be7 10. O-O d5 11. exd5 cxd5 12. Bd3 O-O 13. Rfe1 Bb7 14. Ne2 e5 15. Ng3 e4 16. Bf1 g6 17. c3 Qb6 18.
Be3 Bc5 19. Bxc5 Qxc5 20. Ne2 Ng4 21. Nd4 a5 22. Qg5 Bc8 23. h3 f6 24. Qh4 Ne5 25. Kh1 Rf7 26. Rad1 Ba6 27. Ne6 Qb6 28. Nf4 Qxb2 29.
Nxd5 Bxf1 30. Rxf1 f5 31. Qg3 Re8 32. Qe3 Qxa2 33. Qb6 Kg7 34. Nc7 Qc4 35. Nxe8+ Kh6 36. Qe3+ f4 37. Qd4 Qe6 38. Nd6 Rd7 39. Qxe4 Rxd6 40.
Rxd6 Qxd6 41. Qxf4+ g5 42. Qf5 Nc4 43. Re1 Qf4 44.
Re6+ Kg7 45. Re7+ Kg8 46. Qxh7+ 1-0

[Event "*** Titled Tuesday Blitz"]
[Site "Chess.com"]
[Date "2020.05.12"]
[Round "3"]
[White "Tsyhanchuk_Stanislav"]
[Black "narutosmith"]
[Result "0-1"]
[WhiteElo "2544"]
[BlackElo "2261"]
[TimeControl "180+1"]
[EndTime "10:28:43 PDT"]
[Termination "narutosmith won on time"]

1. d4 Nf6 2. c4 e6 3. Nc3 Bb4 4.
Nf3 c5 5. e3 O-O 6. Bd3 d5 7.
cxd5 exd5 8. O-O Nc6 9. a3 Bxc3 10. bxc3 Bg4 11. h3 Bh5 12. Rb1 Rb8 13. a4 Re8 14. Ba3 Ne4 15. Rc1 c4 16. Be2 Qa5 17. Qc2 b5 18. axb5 Rxb5 19. Ra1 Qxc3 20. Qa4 Qb3 21. Qxb3 Rxb3 22. Rfc1 Nc3 23. Bd1 Nxd1 24. Rxd1 Bxf3 25. gxf3 Reb8 26. Bc5 a5 27. Kf1 c3 28. Rdc1 R8b5 29. Ke2 Rb2+ 30. Ke1 c2 31. Kd2 Rb1 32. Ra3 Rxc1 33. Kxc1 f6 34. Kxc2 Kf7 35.
Kd3 Ke6 36. Ra2 Rb1 37. e4 Rh1 38. exd5+ Kxd5 39. Ke3 Rxh3 40. Bb6 h5 0-1

[Event "*** Titled Tuesday Blitz"]
[Site "Chess.com"]
[Date "2020.05.12"]
[Round "3"]
[White "Kapibara_Warri0r"]
[Black "rynos0411"]
[Result "0-1"]
[WhiteElo "2078"]
[BlackElo "2330"]
[TimeControl "180+1"]
[EndTime "10:28:43 PDT"]
[Termination "rynos0411 won by checkmate"]

1. e4 c6 2. d4 d5 3. Nc3 dxe4 4. Nxe4 Nf6 5. Nxf6+ exf6 6. c3 Be6 7. Bd3 Bd6 8.
Qf3 Qc7 9. Ne2 Nd7 10. Bf4 h5 11. Bxd6 Qxd6 12. Qg3 Ke7 13. O-O h4 14. Qxd6+ Kxd6 15. b3 g5 16. f4 Nb6 17. f5 Bd7 18. c4 c5 19. d5 Rhe8 20. Nc3 Re3 21. Ne4+ Ke5 22.
Rfe1 Rxd3 23. Nxc5+ Kd4 24. Nxd3 Kxd3 25. Rac1 Re8 26. Red1+ Ke4 27. c5 Nxd5 28. Rc4+ Ke5 29. Rcd4 Bc6 30. Rxd5+ Bxd5 31. Re1+ Be4 32. Rd1 Bxf5 33.
Re1+ Be4 34. Rd1 Re7 35. b4 b6 36. cxb6 axb6 37. a4 Ra7 38. Ra1 f5 39. a5 bxa5 40.
bxa5 g4 41. Kf2 f4 42. g3 fxg3+ 43. hxg3 h3 44. Ke3 h2 45. Rc1 h1=Q 46. Rc5+ Bd5 47.
Kf2 Qf3+ 48. Kg1 Qg2# 0-1

[Event "*** Titled Tuesday Blitz"]
[Site "Chess.com"]
[Date "2020.05.12"]
[Round "3"]
[White "Anuar_Is"]
[Black "mirceaparligras"]
[Result "1-0"]
[WhiteElo "2778"]
[BlackElo "2590"]
[TimeControl "180+1"]
[EndTime "10:28:45 PDT"]
[Termination "Anuar_Is won on time"]

1. e4 c5 2. Nf3 d6 3. d4 cxd4 4.
Nxd4 Nf6 5. Nc3 a6 6. Bg5 e6 7. f4 Qc7 8. Bxf6 gxf6 9. Be2 Nc6 10. Qd2 Bd7 11. O-O-O h5 12. Rhf1 O-O-O 13. Kb1 Kb8 14. Bf3 Nxd4 15. Qxd4 Be7 16. Rfe1 Qc5 17. Qd2 f5 18. Re3 Bc6 19. Rd3 fxe4 20. Nxe4 Bxe4 21. Bxe4 d5 22. Bf3 Bf6 23. f5 Rc8 24. c3 Ka8 25.
Re1 Qd6 26. h3 h4 27. Bg4 Rhe8 28. fxe6 fxe6 29. Qh6 Be5 30. Re2 d4 31. Qxh4 Qc5 32. Qg5 Bh8 33. Qxc5 Rxc5 34. cxd4 Rd5 35. Rxe6 Rxe6 36. Bxe6 Rxd4 37. Rxd4 Bxd4 38. b3 Kb8 39. Kc2 Kc7 40. Kd3 Bf2 41. Ke4 Kd6 42. Bc8 a5 43.
Bxb7 Ke7 44. Kf3 Be1 45. g3 Kf6 46. h4 Kg6 47. Kg2 Kf6 48. Kh3 Kg6 49. g4 Kf6 50. g5+ Kf5 51. Bc8+ Kf4 52. Ba6 Bf2 53. Bd3 Be1 54.
g6 Bc3 55. h5 Kg5 56. Be2 Bg7 57. Kg3 Kf5 58. Kf3 Ke5 59. Ke3 Bh6+ 60. Kd3 Kd5 61.
Bf3+ Kc5 62. a3 1-0

[Event "*** Titled Tuesday Blitz"]
[Site "Chess.com"]
[Date "2020.05.12"]
[Round "3"]
[White "spela91"]
[Black "CalinGheorghiu"]
[Result "1-0"]
[WhiteElo "2092"]
[BlackElo "2307"]
[TimeControl "180+1"]
[EndTime "10:28:45 PDT"]
[Termination "spela91 won by resignation"]

1. e4 c5 2. Nf3 d6 3. Bb5+ Nd7 4.
c3 Nf6 5. Qe2 a6 6. Ba4 b5 7.
Bc2 e5 8. O-O Be7 9. d4 O-O 10.
Rd1 Qc7 11. Nbd2 Re8 12. Nf1 Bf8 13. Ng3 g6 14. h3 Bb7 15. d5 c4 16. Be3 Nc5 17. Bg5 Bg7 18. Qe3 a5 19. Bh6 Bh8 20.
h4 Ng4 21. Qd2 Nxh6 22. Qxh6 Bg7 23. Qd2 Bc8 24. Nh2 Rf8 25. h5 Rb8 26. h6 Bh8 27. Qe2 b4 28. Rac1 bxc3 29. bxc3 Rb2 30. Qe3 Rxa2 31. Nh5 Qe7 32. Ng3 Bd7 33. Rd2 Rb8 34.
Nhf1 Rbb2 35. Bd1 Rxd2 36. Nxd2 Nd3 37. Rb1 Nb2 38. Be2 Bb5 39. Qb6 Qd7 40. Nxc4 Bxc4 41. Bxc4 Nxc4 42. Qb8+ 1-0

[Event "*** Titled Tuesday Blitz"]
[Site "Chess.com"]
[Date "2020.05.12"]
[Round "3"]
[White "Baby_Legs"]
[Black "RitvarsReimanis"]
[Result "1-0"]
[WhiteElo "2721"]
[BlackElo "2491"]
[TimeControl "180+1"]
[EndTime "10:28:46 PDT"]
[Termination "Baby_Legs won by resignation"]

1. d4 Nf6 2. c4 e6 3. Nc3 d5 4. cxd5 exd5 5. Bg5 c6 6. e3 Nbd7 7. Bd3 Be7 8. Nf3 O-O 9. Qc2 Re8 10.
h3 Nf8 11. Bf4 Ng6 12. Bh2 Bd6 13. Bxd6 Qxd6 14. O-O-O a5 15. Kb1 b5 16. g4 a4 17.
Rc1 Bb7 18. g5 Nd7 19. h4 Ngf8 20. Ne2 b4 21. Qd2 Ba6 22. Ng3 Bxd3+ 23. Qxd3 g6 24. h5 a3 25. b3 c5 26. hxg6 fxg6 27. Rh6 cxd4 28. Qxd4 Ne6 29. Qh4 Ndf8 30. Rh1 Ra7 31. Ne2 Rc8 32. Nfd4 Nxd4 33. Qxd4 Qc5 34. Qxc5 Rxc5 35.
R6h4 Rf7 36. Rf4 Rb5 37. Rxf7 Kxf7 38. Rc1 Rb7 39. Nf4 Rd7 40. Rc6 d4 41. e4 d3 42.
Kc1 d2+ 43. Kd1 Re7 44. f3 Ne6 45. Nxe6 Rxe6 46. Rxe6 Kxe6 47. f4 h5 48. gxh6 Kf7 49. Kxd2 Kg8 50. e5 Kh7 51. e6 1-0

[Event "*** Titled Tuesday Blitz"]
[Site "Chess.com"]
[Date "2020.05.12"]
[Round "3"]
[White "RobertPrieb2007"]
[Black "Aygehovit1992"]
[Result "1-0"]
[WhiteElo "2338"]
[BlackElo "2688"]
[TimeControl "180+1"]
[EndTime "10:28:46 PDT"]
[Termination "RobertPrieb2007 won by resignation"]

1. d4 d6 2. e4 g6 3. c4 Bg7 4. Nc3 e5 5. d5 a5 6. b3 Na6 7. Nf3 f5 8. Bd3 Nf6 9. O-O Nc5 10. Re1 Nxd3 11. Qxd3 O-O 12. Ng5 Nxe4 13. Ngxe4 fxe4 14. Nxe4 Bf5 15. f3 a4 16. b4 Qh4 17. Be3 a3 18. c5 Bxe4 19. Qxe4 Qxe4 20. fxe4 Ra4 21.
Rab1 dxc5 22. Bxc5 Rf7 23. Rb3 b6 24. Be3 Bf8 25. Bd2 Rd7 26. Rc1 c5 27. dxc6 Rxd2 28. c7 Ra8 29. c8=Q Rxc8 30. Rxc8 Rxa2 31. Rf3 Kg7 32.
Rcxf8 Rb2 33. R8f7+ Kg8 34. Rf8+ Kg7 35. R8f7+ Kg8 36.
Ra7 a2 37. Rf1 b5 38. Ra5 Rxb4 39. Rxa2 Rxe4 40. Rb2 b4 41. Rfb1 Kg7 42. Rxb4 Re2 43. R1b2 Re1+ 44. Kf2 Rh1 45. Re4 Rxh2 46. Rxe5 Rh4 47. Rb7+ Kh6 48. Ree7 Rf4+ 49. Kg3 Rf5 50. Rxh7+ Kg5 51. Rh4 Ra5 52. Rg4+ Kh6 53. Rb6 Kh5 54.
Rgxg6 Ra3+ 55. Kh2 Rh3+ 56. gxh3 1-0

[Event "*** Titled Tuesday Blitz"]
[Site "Chess.com"]
[Date "2020.05.12"]
[Round "3"]
[White "LawrenceTrent"]
[Black "Stronger1799"]
[Result "1-0"]
[WhiteElo "2524"]
[BlackElo "2293"]
[TimeControl "180+1"]
[EndTime "10:28:46 PDT"]
[Termination "LawrenceTrent won on time"]

1. e4 c5 2. Nf3 e6 3. d4 cxd4 4. Nxd4 Nf6 5. c3 d6 6. Bd3 Be7 7. O-O O-O 8. Nd2 b6 9. Qf3 Bb7 10. Qh3 Nbd7 11. f4 Nc5 12. Bc2 Ncxe4 13. Nxe4 Bxe4 14.
Bxe4 Nxe4 15. Nxe6 Qc8 16. Nxf8 Qxh3 17. gxh3 Rxf8 18.
Be3 f5 19. Bd4 Re8 20. Rad1 Bh4 21. Kg2 Re6 22. Kf3 Rh6 23. Rg1 g6 24. Kg2 Be7 25. c4 Rh4 26. Be3 Bf6 27. b3 Kf7 28. a4 h6 29. Rgf1 Ke6 30. Rd5 Nc3 31. Rd3 Ne4 32. Bc1 g5 33. fxg5 hxg5 34. Rd5 Be5 35. a5 g4 36.
axb6 axb6 37. Rd3 Nc5 38. Re3 gxh3+ 39. Rxh3 Rxh3 40. Kxh3 Nxb3 41. Be3 Bd4 42. Bxd4 Nxd4 43. Rb1 Nf3 44. Rxb6 Nd2 45. c5 Nc4 46. Ra6 Ke5 47.
c6 1-0

[Event "*** Titled Tuesday Blitz"]
[Site "Chess.com"]
[Date "2020.05.12"]
[Round "3"]
[White "adriangschnitzer"]
[Black "mjray79"]
[Result "0-1"]
[WhiteElo "2492"]
[BlackElo "2255"]
[TimeControl "180+1"]
[EndTime "10:28:46 PDT"]
[Termination "mjray79 won on time"]

1. c4 Nf6 2. Nc3 g6 3. e4 d6 4. d4 Bg7 5. Be2 O-O 6. Be3 e5 7.
d5 a5 8. g4 Na6 9. g5 Nd7 10.
h4 f5 11. gxf6 Nxf6 12. h5 gxh5 13. Bxh5 Nc5 14. f3 Nxh5 15. Rxh5 Qe8 16. Rh2 Qg6 17.
Qd2 Qg3+ 18. Kd1 Bg4 19. Kc2 Bxf3 20. Nxf3 Qxf3 21. Bxc5 dxc5 22. Rg1 Kh8 23. Rgh1 Rf4 24. Rxh7+ Kg8 25. R7h2 Raf8 26. Kb1 Rg4 27. a3 Qf4 28. Qc2 Qe3 29. Rg2 Rxg2 30. Qxg2 Qf3 31. Qxf3 Rxf3 32.
Nb5 c6 33. dxc6 bxc6 34. Na7 Re3 35. Nxc6 a4 36. Rh4 Bf6 37. Nb8 Bxh4 38. Nd7 Rxe4 39.
Nxc5 Rxc4 40. Nd7 e4 41. Ne5 e3 42. Ng6 e2 0-1

[Event "*** Titled Tuesday Blitz"]
[Site "Chess.com"]
[Date "2020.05.12"]
[Round "3"]
[White "heartofatiger"]
[Black "Mykola-Bortnyk"]
[Result "0-1"]
[WhiteElo "2454"]
[BlackElo "2870"]
[TimeControl "180+1"]
[EndTime "10:28:48 PDT"]
[Termination "Mykola-Bortnyk won by resignation"]

1. d4 Nf6 2. c4 e5 3. dxe5 Ne4 4. Nd2 Bb4 5. Nf3 Nc6 6. a3 Bxd2+ 7. Bxd2 Qe7 8. Bf4 g5 9. Be3 g4 10. Nd2 Qxe5 11.
Nxe4 Qxe4 12. Qd3 Qe5 13. Bd2 Qd4 14. Qc2 O-O 15. e3 Qg7 16. Bc3 Ne5 17. O-O-O d6 18.
f4 gxf3 19. gxf3 f6 20. f4 Ng4 21. Rg1 Kh8 22. h3 Nxe3 23. Qh2 Qf7 24. Rd3 Nxf1 25. Rxf1 Bf5 26. Rg3 Qxc4 27. Rfg1 Qxf4+ 28. Kd1 Bg6 29. h4 Qf5 30. Qd2 Qb1+ 31. Qc1 Qxc1+ 32. Kxc1 Rf7 33. Rh1 Bh5 34. Rf1 Bg6 35. Bxf6+ Kg8 36. h5 Raf8 37.
hxg6 Rxf6 38. gxh7+ Kxh7 39. Rh1+ Rh6 40. Rhg1 Rf7 41.
R1g2 a6 42. Kc2 b6 43. b3 a5 44. a4 c6 45. Rc3 d5 46. Kb2 d4 47. Rgc2 dxc3+ 0-1

[Event "*** Titled Tuesday Blitz"]
[Site "Chess.com"]
[Date "2020.05.12"]
[Round "3"]
[White "Chichin_chao"]
[Black "BogdanBelyakov89"]
[Result "0-1"]
[WhiteElo "2356"]
[BlackElo "2554"]
[TimeControl "180+1"]
[EndTime "10:28:48 PDT"]
[Termination "BogdanBelyakov89 won on time"]

1. e4 e5 2. Nf3 Nc6 3. Bc4 Bc5 4. d3 Nf6 5. Nbd2 a6 6. c3 O-O 7. h3 Ba7 8. Qe2 d5 9. Bb3 h6 10. g4 Be6 11. Nf1 dxe4 12. dxe4 Bxb3 13. axb3 Nd7 14.
Ng3 Nc5 15. O-O Nxb3 16. Rb1 Nxc1 17. Rbxc1 Qf6 18. Nf5 Rad8 19. Rcd1 Rxd1 20. Rxd1 Rd8 21.
Rd5 Kf8 22. Qd3 Bb6 23. Rxd8+ Qxd8 24. Qxd8+ Nxd8 25. Nxe5 Ba7 26. Kf1 Ne6 27. Nd3 g6 28.
Ng3 c5 29. c4 b5 30. Ne5 Kg7 31. Nc6 Bb6 32. Nb8 bxc4 33. Nd7 Bc7 34. Ne2 Bd6 35. Nb6 Kf6 36. Nxc4 Bc7 37. Ke1 Ng5 38. Nc3 Ke6 39. h4 Nf3+ 40. Ke2 Nxh4 41. Nd5 Bb8 42. Ndb6 f5 43. exf5+ gxf5 44. gxf5+ Nxf5 45. Kf3 h5 46.
Ke4 h4 47. Kf3 h3 48. Na4 Nd4+ 0-1

[Event "*** Titled Tuesday Blitz"]
[Site "Chess.com"]
[Date "2020.05.12"]
[Round "3"]
[White "csati17"]
[Black "coalescenet"]
[Result "1-0"]
[WhiteElo "2534"]
[BlackElo "2335"]
[TimeControl "180+1"]
[EndTime "10:28:48 PDT"]
[Termination "csati17 won by checkmate"]

1. c4 e6 2. Nf3 d5 3. g3 Nf6 4.
Bg2 Be7 5. O-O O-O 6. b3 b6 7.
Bb2 Bb7 8. e3 c5 9. Nc3 Nc6 10. d4 dxc4 11. b4 cxb4 12. Na4 c3 13. Bc1 Na5 14. Re1 Bd6 15. a3 b3 16. Nxc3 Rc8 17.
Bb2 Nc4 18. Qxb3 Nd5 19. Nxd5 Bxd5 20. e4 Na5 21. Qe3 Bc4 22. d5 exd5 23. Rad1 Re8 24. Nh4 Bc5 25. Qf4 d4 26. Nf5 Qf6 27. e5 Qe6 28. Bxd4 Bxa3 29. Qg5 Qg6 30. Qf4 Bb4 31. Re3 Bb3 32. Ra1 Bd2 33. Be4 Bxe3 34. Qxe3 Qe6 35. Qg5 g6 36. Nh6+ Kh8 37. Ng4 Nc6 38. Nf6 Kg7 39.
Be3 Qxe5 40. Nxe8+ Rxe8 41. Qxe5+ Nxe5 42. Rxa7 Nc4 43. Bd4+ Kh6 44. Bd3 Re1+ 45. Kg2 Nd6 46. Kh3 Be6+ 47. g4 f5 48. Be3+ g5 49. Kg2 Bd5+ 50. f3 fxg4 51. Rxh7# 1-0

[Event "*** Titled Tuesday Blitz"]
[Site "Chess.com"]
[Date "2020.05.12"]
[Round "3"]
[White "Love_craft"]
[Black "Berant"]
[Result "1-0"]
[WhiteElo "2547"]
[BlackElo "2327"]
[TimeControl "180+1"]
[EndTime "10:28:48 PDT"]
[Termination "Love_craft won on time"]

1. Nf3 c5 2. e4 Nc6 3. d3 g6 4. g3 Bg7 5. Bg2 d6 6. O-O e5 7. Nbd2 Nge7 8. a4 O-O 9. c3 h6 10.
Nh4 Be6 11. f4 exf4 12. gxf4 f5 13. Qe2 Qd7 14. Nc4 Rae8 15. Kh1 Kh7 16. Ne3 fxe4 17. dxe4 d5 18. f5 gxf5 19. exf5 Nxf5 20. Qc2 d4 21. Nexf5 d3 22. Qf2 Ne7 23. Be4 Bd5 24. Bxd5 Qxd5+ 25. Kg1 Bf6 26. Nxe7 Rxe7 27. Qf5+ Qxf5 28. Nxf5 Rg8+ 29. Kh1 Re2 30. Bxh6 Rgg2 31. Bf4 Bg5 32. Bg3 d2 33. Rad1 Kg6 34. Nd6 Bh4 35. Bf4 Bg5 36. Bg3 Bh4 37.
Rg1 Bxg3 38. Rxg2 Re1+ 39. Rg1 Kf6 40. Kg2 1-0

[Event "*** Titled Tuesday Blitz"]
[Site "Chess.com"]
[Date "2020.05.12"]
[Round "3"]
[White "BakaPG"]
[Black "MITerryble"]
[Result "0-1"]
[WhiteElo "2627"]
[BlackElo "2846"]
[TimeControl "180+1"]
[EndTime "10:28:49 PDT"]
[Termination "MITerryble won by resignation"]

1. e4 e6 2. d4 d5 3. e5 c5 4. c3 Qb6 5. Nf3 Bd7 6. a3 Bb5 7. b4 cxd4 8. Bxb5+ Qxb5 9. cxd4 Nd7 10. Nc3 Qc6 11.
Bd2 Nb6 12. O-O Nc4 13. b5 Qd7 14. a4 Ne7 15. Na2 Nf5 16. Bb4 Bxb4 17. Nxb4 O-O 18. Nd3 Rfc8 19. g4 Ne7 20. h4 b6 21. h5 h6 22. Kh2 a6 23. Rb1 axb5 24. axb5 Ra3 25.
Rg1 Kh8 26. Rg3 Rc3 27. Nf4 Na3 28. Rb2 Nxb5 29. g5 Nf5 30. Rh3 Rxf3 31. Rxf3 hxg5 32. Ne2 Rc4 33. Rfb3 Nbxd4 34. Nxd4 Rxd4 35. Rd3 Rxd3 36. Qxd3 Qc7 37. Re2 Qc1 38. Qf3 Qd1 39. Re3 Nxe3 40. Qxe3 Qxh5+ 41. Kg1 Qg4+ 42. Kf1 Qd1+ 43. Kg2 Qg4+ 44.
Kf1 d4 45. Qa3 Qf4 46. Qh3+ Kg8 47. Qb3 Qxe5 48. Qxb6 Qd5 49. Qb8+ Kh7 50. Qh2+ Kg6 51. Qg3 d3 52. Ke1 Qe4+ 53. Kd1 Qe2+ 0-1

[Event "*** Titled Tuesday Blitz"]
[Site "Chess.com"]
[Date "2020.05.12"]
[Round "3"]
[White "Malev212"]
[Black "ElGasanov"]
[Result "0-1"]
[WhiteElo "2519"]
[BlackElo "2731"]
[TimeControl "180+1"]
[EndTime "10:28:49 PDT"]
[Termination "ElGasanov won on time"]

1. d4 d6 2. Nf3 Bg4 3. c4 Nd7 4. Qb3 Rb8 5. h3 Bh5 6. Nc3 Ngf6 7. g3 e5 8. Bg2 Be7 9. O-O O-O 10. Rd1 Qc8 11. Be3 a6 12. Rac1 Re8 13.
Nh4 Bf8 14. Qc2 c6 15. dxe5 Nxe5 16. b3 b5 17. cxb5 axb5 18. Bd4 c5 19. Bxe5 Rxe5 20. g4 Bg6 21. Nxg6 hxg6 22. Nd5 Nxd5 23. Rxd5 Rxd5 24.
Bxd5 Qe8 25. a4 c4 26. axb5 cxb3 27. Qxb3 Qxe2 28. Bxf7+ Kh7 29. Bc4 Qd2 30. Rd1 Qf4 31. Bd5 Be7 32. Re1 Bf6 33. Re2 Bd4 34. Kg2 Rf8 35.
Qf3 Qxf3+ 36. Bxf3 Rb8 37. Bc6 g5 38. Re6 Be5 39.
Kf3 Kg8 40. Re7 Kf8 41. Ra7 Bd4 42. Ra6 Bb6 43. Ke4 Ke7 0-1

[Event "*** Titled Tuesday Blitz"]
[Site "Chess.com"]
[Date "2020.05.12"]
[Round "3"]
[White "plumalka"]
[Black "tigra"]
[Result "1-0"]
[WhiteElo "2451"]
[BlackElo "2777"]
[TimeControl "180+1"]
[EndTime "10:28:49 PDT"]
[Termination "plumalka won by checkmate"]

1. e4 c5 2. Nf3 e6 3. d4 cxd4 4.
Nxd4 Nf6 5. Nc3 d6 6. Bd3 Nc6 7. Nb3 g6 8. O-O Bg7 9. f4 O-O 10. Qf3 a6 11. Bd2 Qc7 12. Rae1 b5 13. Kh1 Bb7 14.
Qh3 Nd7 15. f5 Rae8 16. Bg5 Nce5 17. f6 Bh8 18. Rf4 Qd8 19. Ref1 h5 20. Be2 b4 21.
Nd1 d5 22. Bxh5 gxh5 23. Qxh5 Ng6 24. R4f3 Nxf6 25. Rxf6 dxe4 26. Ne3 Bg7 27. Ng4 Qd5 28. Nh6+ Bxh6 29. Qxh6 Qe5 30. h4 e3 31. Nc1 Qe4 32.
R1f3 Qxc2 33. h5 Bxf3 34. Rxf3 Qxc1+ 35. Kh2 Qc7+ 36. Kh3 f5 37. hxg6 Qg7 38. Qh5 f4 39. Bh6 Qd7 40. g7 Rf7 41. Bxf4 e5+ 42. Kh2 exf4 43.
Qh8# 1-0

[Event "*** Titled Tuesday Blitz"]
[Site "Chess.com"]
[Date "2020.05.12"]
[Round "3"]
[White "Irishchessman16"]
[Black "Korchmar_Vasiliy"]
[Result "0-1"]
[WhiteElo "2398"]
[BlackElo "2624"]
[TimeControl "180+1"]
[EndTime "10:28:49 PDT"]
[Termination "Korchmar_Vasiliy won on time"]

1. e4 c5 2. Nf3 d6 3. d4 cxd4 4. Nxd4 Nf6 5. Nc3 Nc6 6. f3 e5 7. Nb3 Be7 8. Be3 O-O 9. Qd2 Be6 10. Nd5 a5 11. a4 Bxd5 12. exd5 Nb4 13. c4 Nd7 14. Be2 Bh4+ 15. g3 Be7 16. Kf1 f5 17. Kg2 h6 18. f4 Bf6 19. c5 exf4 20. gxf4 Re8 21. c6 bxc6 22. dxc6 Nxc6 23. Bf3 Nb4 24. Rhe1 Rc8 25. Qxd6 Nc2 26. Qd5+ Kh8 27. Qxf5 Rxe3 28. Be4 Rxe4 29. Rxe4 Nxa1 30. Nxa1 Bxb2 31. Nb3 Nf6 32.
Re2 Bc3 33. Rc2 Qd5+ 34. Qxd5 Nxd5 35. Kf3 Rf8 36. Ke4 Nf6+ 37. Kd3 Bb4 38. Rc4 Nh5 39. Ke3 Nf6 40. Nd4 Nd5+ 41. Ke4 Nxf4 42. Nf5 Ne6 43.
Rc6 Nc5+ 44. Ke5 Nxa4 45. Ke6 Nc5+ 0-1

[Event "*** Titled Tuesday Blitz"]
[Site "Chess.com"]
[Date "2020.05.12"]
[Round "3"]
[White "Islamovqaasim"]
[Black "Konovalova_Vera"]
[Result "1-0"]
[WhiteElo "2338"]
[BlackElo "2102"]
[TimeControl "180+1"]
[EndTime "10:28:49 PDT"]
[Termination "Islamovqaasim won on time"]

1. d4 f5 2. Nf3 Nf6 3. c4 e6 4. Nc3 Bb4 5. Bd2 O-O 6. e3 c5 7. a3 Bxc3 8. bxc3 b6 9. Be2 Bb7 10.
O-O Nc6 11. a4 d5 12. cxd5 exd5 13. Bb5 Ne4 14. Bxc6 Bxc6 15. Ne5 Bb7 16. f3 Nf6 17. Qb1 Rb8 18. Qxf5 Qd6 19. Qd3 Rbe8 20. a5 Bc8 21. axb6 axb6 22. Ra7 Nh5 23. Qb5 Nf6 24. Rb1 Bf5 25.
Qxb6 Qxb6 26. Rxb6 Rb8 27. Rbb7 Rxb7 28. Rxb7 h6 29.
g4 Bh7 30. Bc1 Ne8 31. Ba3 Nd6 32. Rd7 Nb5 33. Bxc5 Ra8 34. Bb4 Bc2 35. Rxd5 Ra1+ 36. Kf2 Na3 37. Rd8+ Kh7 38. Bf8 Ra2 39. Kg3 Nb1 40. Rd7 h5 41. Rxg7+ Kh6 42. Ra7+ Kg5 43. Rxa2 Bb3 44. Rb2 Nd2 45. Rxd2 Be6 46. d5 1-0

[Event "*** Titled Tuesday Blitz"]
[Site "Chess.com"]
[Date "2020.05.12"]
[Round "3"]
[White "marianokar"]
[Black "Azoulas1"]
[Result "1-0"]
[WhiteElo "2368"]
[BlackElo "1914"]
[TimeControl "180+1"]
[EndTime "10:28:51 PDT"]
[Termination "marianokar won on time"]

1. d4 Nf6 2. Nf3 e6 3. c4 c5 4. d5 d6 5. Nc3 g6 6. h3 Bg7 7. dxe6 Bxe6 8. e4 O-O 9. Bf4 Re8 10. Qxd6 Qxd6 11. Bxd6 Nc6 12. O-O-O b6 13. Nd2 Rad8 14. Bf4 Nd4 15. f3 Nh5 16. Bh2 Bh6 17. g4 Nf4 18.
Rg1 Nxf3 19. Nxf3 Nxh3+ 20. g5 Nxg1 21. Rxd8 Rxd8 22. Bxg1 Bg7 23. Nd5 h5 24. gxh6 Bxh6+ 25. Kc2 Kf8 26. Bd3 Rd7 27. Bf2 Bg7 28. Bh4 Ke8 29.
Nf6+ Bxf6 30. Bxf6 Rb7 31. a4 a5 32. b3 Bg4 33.
Ne5 Be6 34. Kc3 Kf8 35. Nf3 Ke8 36. Ng5 Kd7 37. e5 Bg4 38. Be4 Ra7 39. Nxf7 Ke6 40. Ng5+ Kd7 41. Bxg6 Ra8 42. Be4 Rg8 43. Bd5 Rg6 44.
e6+ Bxe6 45. Bxe6+ Kd6 46. Ne4+ Kxe6 47. Bd8 1-0